 Dungeon Crawl Stone Soup version 0.19.5 (webtiles) character file.

12 djnw the Caller (level 2, -1/19 HPs)
             Began as a Mummy Summoner on Mar 25, 2017.
             Slain by a leopard gecko (3 damage)
             ... on level 1 of the Dungeon.
             The game lasted 00:02:44 (638 turns).

djnw the Caller (Mummy Summoner)                     Turns: 638, Time: 00:02:44

Health: -1/19      AC:  2    Str: 11    XL:     2   Next: 20%
Magic:  1/5        EV: 12    Int: 14    God:
Gold:   42         SH:  0    Dex: 12    Spells: 2 memorised, 2 levels left

rFire  x . .     SeeInvis .     c - +0 dagger
rCold  + . .     Gourm    .     a - +0 robe
rNeg   + + +     Faith    .     (no shield)
rPois  ∞         Spirit   .     (no helmet)
rElec  .         Reflect  .     (no cloak)
rCorr  .         Harm     .     (no gloves)
MR     .....                    (no boots)
Stlth  ++........               (no amulet)
                                (no ring)
                                (no ring)

@: very slightly contaminated
A: no food or potions, fire vulnerability, cold resistance 1, negative energy
resistance 3, torment resistance, unbreathing
a: no special abilities


You were on level 1 of the Dungeon.
You were not hungry.

You visited 1 branch of the dungeon, and saw 1 of its levels.

You collected 42 gold pieces.

Inventory:

Hand Weapons
 c - a +0 dagger (weapon)
Armour
 a - a +0 robe (worn)
Scrolls
 d - a scroll of identify {unknown}
Books
 b - a book of Callings

   Spells                             Type                      Level
   a - Summon Small Mammal            Summoning                    1
   b - Call Imp                       Summoning                    2
   c - Call Canine Familiar           Summoning                    3
   d - Summon Guardian Golem          Hexes/Summoning              3
   e - Summon Lightning Spire         Summoning/Air                4
   f - Summon Ice Beast               Ice/Summoning                4


   Skills:
 - Level 1.5 Dodging
 - Level 1.5 Stealth
 + Level 2.3 Spellcasting
 * Level 3.5 Summonings


You had 2 spell levels left.
You knew the following spells:

 Your Spells              Type           Power        Failure   Level  Hunger
a - Summon Small Mammal   Summ           ##..         6%          1    N/A
b - Call Imp              Summ           ##......     10%         2    N/A

Dungeon Overview and Level Annotations

Branches:
Dungeon (1/15)

Altars:


Innate Abilities, Weirdness & Mutations

You do not eat or drink.
Your flesh is vulnerable to fire.
You are immune to poison.
Your flesh is cold resistant. (rC+)
You are immune to negative energy. (rN+++)
You are immune to unholy pain and torment.
You can survive without breathing.


Message History

You miscast Summon Small Mammal.
You are very lightly contaminated with residual magic.
Nothing appears to happen.
The leopard gecko closely misses your rat.
The leopard gecko bites your rat.
Your rat barely misses the leopard gecko.
The leopard gecko bites your rat.
Your rat dies!
Your rat's corpse disappears in a puff of smoke!
Casting: Summon Small Mammal
Confirm with . or Enter, or press ? or * to list all spells.
You miscast Summon Small Mammal.
Nothing appears to happen.
The leopard gecko hisses angrily.
Unknown command.
Casting: Summon Small Mammal
Confirm with . or Enter, or press ? or * to list all spells.
The leopard gecko barely misses you.
Unknown command.
The leopard gecko bites you.
You die...

.......##..#.# #.##..........
###.#..##..#.###.##.#.#..### #
#.#..#.........(..#.#..#
###.#..#...#.###.##.#.#..#
.........................#
.......#...#.###.##.#.#..####..#
###+#..#...#.# #K..............#
# .........#.###l##.#.#..####..#
# ..............@r.......####..#
#.....P..#.#.###.#.............#
#....PPP.#.#.###.#..#.##.####..#
###.♣P♣P.#.#(................#
#. ♣♣.......................#
♣..#.........####.###.###
♣.P.#.....###.# #... .. ♣
........# #.♣ #♣#♣# ♣. ..+.....#
#..


You could see a leopard gecko, a kobold and a friendly rat.

Vanquished Creatures
  A giant cockroach (D:1)
  2 kobolds (D:1)
  A bat (D:1)
  A frilled lizard (D:1)
  5 rats (D:1)
10 creatures vanquished.

Vanquished Creatures (collateral kills)
  A dart slug (D:1)
  2 giant cockroaches (D:1)
  A hobgoblin (D:1)
  A rat (D:1)
5 creatures vanquished.

Grand Total: 15 creatures vanquished

Notes
Turn   | Place    | Note
-------+----------+-------------------------------------------
     0 | D:1      | djnw the Mummy Summoner began the quest for the Orb.
     0 | D:1      | Reached XP level 1. HP: 13/13 MP: 3/3
   414 | D:1      | Reached XP level 2. HP: 18/19 MP: 3/5
   419 | D:1      | Learned a level 2 spell: Call Imp
   638 | D:1      | Slain by a leopard gecko

Action                   || total
-------------------------++-------
Melee: Dagger            ||    59
       Unarmed           ||    10
 Cast: Summon Small Mamm ||     9
 Stab: Sleeping          ||     1
Armor: Robe              ||    16
Dodge: Dodged            ||    58
